Map: Ruins of Seras

Players

Chris (MCanning) - Winner!

  • Race: Protoss Protoss
  • League: Platinum

OkCRunK

  • Race: Zerg Zerg
  • League: Platinum

VOD

Have the link to the VOD?

Description

Time

  • Played on: Nov. 11, 2015, 1:29 a.m.
  • Length: 12:38
Show
View Real Time Build Order
Export as new Build Order

Chris Protoss - Winner!

Build Orders: Nexus First 

Get SALT Encoding   

  12  0:02  Probe (Chrono Boost)  
  13  0:12  Probe (Chrono Boost)  
  14  0:19  Pylon  
  14  0:23  Probe (Chrono Boost)  
  15  0:37  Probe (Chrono Boost)  
  16  0:48  Probe (Chrono Boost)  
  17  1:04  Nexus  
  17  1:12  Probe (Chrono Boost)  
  17  1:13  Gateway  
  18  1:23  Probe (Chrono Boost)  
  18  1:24  Assimilator  
  19  1:28  Assimilator  
  19  1:33  Probe (Chrono Boost)  
  20  1:42  Pylon  
  20  1:44  Probe (Chrono Boost)  
  21  1:55  Probe (Chrono Boost)  
  22  2:05  Probe (Chrono Boost)  
  22  2:07  Zealot  
  22  2:08  Cybernetics Core  
  25  2:16  Probe (Chrono Boost)  
  25  2:17  Probe (Chrono Boost)  
  27  2:26  Probe (Chrono Boost)  
  27  2:28  Probe (Chrono Boost)  
  30  2:37  Probe (Chrono Boost)  
  30  2:38  Probe (Chrono Boost)  
  31  2:46  Pylon  
  31  2:47  Probe (Chrono Boost)  
  31  2:49  Mothership Core (Chrono Boost)  
  31  2:50  Stalker  
  36  2:54  Warp Gate (Chrono Boost)  
  36  3:02  Probe (Chrono Boost)  
  37  3:08  Probe (Chrono Boost)  
  38  3:13  Probe (Chrono Boost)  
  38  3:18  Probe (Chrono Boost)  
  40  3:23  Probe (Chrono Boost)  
  41  3:29  Probe (Chrono Boost)  
  43  3:34  Probe (Chrono Boost)  
  43  3:35  Sentry  
  43  3:36  Robotics Facility  
  43  3:38  Pylon  
  43  3:39  Probe (Chrono Boost)  
  46  3:45  Probe (Chrono Boost)  
  47  3:49  Gateway  
  47  3:50  Probe (Chrono Boost), Gateway  
  47  3:55  Probe (Chrono Boost)  
  49  3:56  Pylon  
  49  4:00  Probe (Chrono Boost)  
  50  4:05  Probe (Chrono Boost)  
  50  4:07  Forge  
  51  4:11  Probe (Chrono Boost)  
  51  4:12  Pylon  
  51  4:14  Probe (Chrono Boost)  
  53  4:17  Assimilator  
  53  4:21  Assimilator  
  53  4:24  Probe  
  54  4:26  Observer  
  54  4:30  Gateway, Probe  
  54  4:31  Gateway  
  55  4:36  Twilight Council  
  55  4:37  Pylon  
  56  4:45  Protoss Ground Weapons Level 1  
  56  4:48  Probe, Observer  
  56  4:50  Probe  
  59  4:57  Pylon  
  59  4:59  Stalker x3, Probe  
  66  5:17  Robotics Bay, Pylon  
  66  5:18  Blink (Chrono Boost)  
  66  5:33  Probe  
  67  5:40  Dark Shrine  
  67  5:43  Stalker x2, Gateway  
  67  5:45  Gateway  
  67  5:46  Gateway  
  67  5:48  Immortal (Chrono Boost), Pylon  
  75  6:04  Pylon  
  75  6:09  Stalker  
  75  6:10  Stalker  
  79  6:19  Disruptor  
  79  6:24  Pylon  
  79  6:25  Stalker x3  
  86  6:31  Pylon  
  88  6:48  Stalker x2  
  88  6:50  Disruptor  
  92  6:55  Nexus, Pylon  
  92  6:58  Pylon  
  92  7:01  Pylon  
  95  7:06  Probe, Protoss Ground Weapons Level 2 (Chrono Boost)  
  96  7:21  Dark Templar  
  98  7:25  Dark Templar  
  98  7:29  Photon Cannon  
  100  7:32  Photon Cannon x2, Assimilator  
  100  7:35  Dark Templar, Assimilator  
  100  7:36  Pylon  
  102  7:41  Probe  
  102  7:43  Probe  
  104  7:48  Disruptor (Chrono Boost)  
  107  7:53  Probe  
  108  8:05  Probe  
  109  8:06  Probe  
  109  8:10  Pylon  
  109  8:12  Pylon  
  106  8:15  Probe  
  106  8:19  Stalker x2  
  111  8:20  Stalker x4  
  111  8:25  Probe  
  120  8:29  Stalker  
  120  8:33  Dark Templar  
  122  8:42  Disruptor (Chrono Boost)  
  125  8:48  Stalker, Pylon  
  125  8:49  Stalker  
  125  8:55  Zealot  
  131  8:57  Stalker  
  133  9:07  Stalker x2  
  133  9:08  Stalker x2  
  139  9:20  Stalker x2  
  139  9:21  Stalker  
  145  9:35  Stalker x2  
  145  9:36  Stalker x3  
  155  9:40  Disruptor (Chrono Boost)  
  155  9:45  Probe  
  159  9:56  Stalker  
  159  9:57  Stalker x2  
  163  10:05  Probe  
  156  10:17  Probe  
  156  10:18  Probe  
  156  10:21  Stalker x5  
  150  10:22  Stalker x3  
  150  10:25  Probe  
  163  10:30  Probe  
  163  10:34  Disruptor (Chrono Boost)  
  162  10:40  Pylon  
  165  10:46  Dark Templar  
  167  10:50  Zealot  
  165  11:06  Disruptor  
  165  11:08  Probe  
  151  11:22  Probe  
  152  11:30  Stalker x3  
  152  11:31  Stalker x5  
  168  11:41  Probe  
  167  11:48  Disruptor  
  167  11:52  Nexus  
  170  11:55  Pylon  
  170  11:56  Pylon  
  170  12:00  Stalker x6  
  170  12:01  Stalker  
  184  12:06  Probe  
  181  12:08  Probe  
  181  12:15  Stalker  
Show
View Real Time Build Order
Export as new Build Order

OkCRunK Zerg 

Build Orders: Hatch First, Lurkers 

Get SALT Encoding   

  12  0:01  Drone  
  13  0:08  Drone  
  14  0:17  Overlord  
  14  0:28  Extractor x2  
  14  0:29  Drone  
  14  0:30  Drone  
  16  0:36  Drone  
  17  0:44  Drone  
  18  0:58  Hatchery  
  18  1:01  Drone  
  18  1:14  Spawning Pool  
  18  1:16  Extractor  
  16  1:20  Drone  
  16  1:25  Drone  
  18  1:28  Drone  
  19  1:38  Overlord  
  19  2:02  Zergling x2  
  19  2:03  Zergling x2  
  19  2:05  Queen  
  23  2:10  Queen  
  23  2:11  Drone x2  
  27  2:25  Drone x2  
  29  2:31  Drone  
  29  2:32  Metabolic Boost  
  29  2:35  Drone  
  31  2:40  Queen  
  33  2:46  Overlord  
  33  2:48  Drone  
  34  2:54  Evolution Chamber  
  33  3:01  Drone x2  
  35  3:07  Drone x2  
  36  3:24  Zerg Missile Weapons Level 1  
  36  3:25  Drone x7  
  42  3:30  Overlord  
  42  3:38  Drone  
  43  3:43  Extractor  
  43  3:44  Roach Warren, Extractor  
  43  3:45  Overlord  
  43  3:46  Overlord  
  40  3:56  Drone  
  40  3:57  Drone x4  
  40  3:58  Drone  
  46  4:14  Drone, Overlord  
  46  4:15  Overlord  
  46  4:16  Zergling x2  
  48  4:26  Lair  
  48  4:28  Hatchery  
  47  4:36  Drone x3  
  47  4:37  Drone x2, Extractor  
  51  4:40  Roach  
  51  4:42  Roach  
  55  4:48  Drone  
  55  4:49  Roach  
  58  5:03  Overlord x2  
  58  5:12  Roach x6  
  70  5:21  Zerg Ground Armor Level 1  
  70  5:22  Evolution Chamber  
  69  5:32  Glial Reconstitution  
  71  5:35  Roach  
  71  5:36  Roach x5  
  71  5:40  Hydralisk Den  
  80  5:48  Zerg Missile Weapons Level 2  
  80  5:54  Drone x6  
  86  6:02  Drone x3  
  86  6:03  Drone  
  90  6:11  Ravager x4  
  91  6:12  Ravager  
  91  6:16  Drone  
  91  6:17  Drone x2  
  91  6:18  Overlord x2  
  98  6:27  Overlord x3  
  98  6:31  Lurker Den  
  98  6:49  Hydralisk  
  98  6:50  Hydralisk x4  
  98  6:52  Drone  
  98  6:53  Drone x6  
  115  6:59  Overseer  
  115  7:06  Drone, Extractor  
  115  7:07  Drone x6, Extractor  
  120  7:12  Overlord  
  120  7:21  Zerg Ground Armor Level 2  
  120  7:39  Hydralisk x5  
  130  7:47  Roach  
  130  7:48  Roach x4  
  130  7:49  Roach  
  142  7:52  Overlord x2  
  142  7:56  Overseer  
  142  7:59  Hatchery  
  139  8:19  Overseer x3  
  135  8:29  Roach  
  135  8:30  Roach x12  
  160  8:49  Lurker  
  160  8:54  Overlord x3  
  161  9:02  Overlord x2  
  159  9:11  Lurker x4  
  159  9:12  Lurker x2  
  159  9:15  Roach x4  
  137  9:52  Roach  
  137  9:53  Roach x8  
  137  9:57  Hydralisk  
  137  9:58  Hydralisk x6  
  102  10:24  Lurker x2  
  102  10:25  Roach  
  102  10:26  Roach x10  
  126  10:38  Zergling x2  
  126  10:39  Zergling x4  
  80  11:21  Lurker  
  80  11:22  Lurker  
  80  11:23  Hatchery  
  80  11:29  Hydralisk x8  
  80  11:30  Hydralisk x4  
  96  12:05  Infestation Pit  
  96  12:07  Hatchery  
Tags
 
Add a new tag
Caveats
  • Supply blocks, unpowered buildings, or Contaminate may cause inaccurate times.
  • Supply counts are checked every 10 seconds.